AoeStats
← [TUC] P E L U S A

Nomad

509996304Analyzed
3v3 RM · 3d ago on Sep 29, 2026· 45m 33s· 6 players
Game mode
Random Map
Map size
210×210
Population
200
Speed
Normal
Resources
Standard
Victory
Conquest
Starting age
Dark Age
Ending age
Imperial Age
RankedLock teamsTeams togetherTeam positionsShared explorationLock speedFull tech treeHidden civsTurbo modeCheats
Victory
Defeat
🇦🇷 Malay · Argentina
1424
+10
🇩🇰 Varangians · Denmark
1261
+17
🇦🇷 Spanish · Argentina
1241
+18
🇺🇸 Chinese · United States
1323
-17
🇦🇺 Koreans · Australia
1321
-16
🇺🇸 Italians · United States
1214
-12
{MAMP}laQUEENde FIFI BING BING
3:49 Loom
14:50 Feudal Age
20:55 Castle Age
18:51 Double-Bit Axe
21:06 Fishing Lines
24:01 Bow Saw
24:06 Medium Warships
25:47 Padded Archer Armor
26:55 Horse Collar
29:11 Fletching
35:02 Wheelbarrow
35:24 Bodkin Arrow
36:06 Ballistics
35:42 Murder Holes
36:08 Leather Archer Armor
39:28 Imperial Age
37:30 Forging
38:04 Hand Cart
40:13 Bloodlines
40:58 Light Cavalry
42:30 Husbandry
drkbeer
3:26 Loom
15:06 Feudal Age
24:04 Castle Age
24:48 Wheelbarrow
26:47 Hand Cart
27:03 Horse Collar
27:31 Double-Bit Axe
28:01 Fletching
29:41 Crossbowman
34:03 Bow Saw
39:19 Town Watch
42:43 Fishing Lines
JSJE
4:23 Loom
13:57 Feudal Age
14:48 Town Watch
15:38 Double-Bit Axe
21:59 Castle Age
22:56 Medium Warships
28:01 Fishing Lines
29:11 Fletching
29:45 Bow Saw
34:06 Wheelbarrow
34:36 Scale Mail Armor
34:47 Forging
35:34 Chain Mail Armor
39:17 Imperial Age
37:33 Iron Casting
39:28 Capped Ram
43:06 Plate Mail Armor
42:43 Elite Fire Lancer
44:52 Fortified Wall
[TUC]Morants
4:53 Loom
14:29 Feudal Age
14:11 Double-Bit Axe
15:30 Fishing Lines
22:03 Castle Age
20:33 Forging
22:05 Medium Warships
22:43 Bow Saw
22:54 Gillnets
25:44 Gold Mining
27:03 Wheelbarrow
27:39 Iron Casting
27:10 Stone Mining
29:02 Fletching
29:59 Bodkin Arrow
39:03 Imperial Age
38:52 Conscription
39:55 Blast Furnace
39:33 Gold Shaft Mining
39:34 Stone Shaft Mining
38:57 Horse Collar
40:21 Conscription
39:24 Elite Karambit Warrior
41:04 Heavy Warships
41:09 Hand Cart
40:40 Town Watch
44:04 Heavy Plow
44:28 Ballistics
45:08 Chemistry
43:49 Treadmill Crane
44:20 Masonry
43:52 Sappers
[TUC] P E L U S A
3:09 Loom
12:26 Feudal Age
18:08 Castle Age
16:15 Double-Bit Axe
16:46 Stone Mining
18:33 Town Watch
23:59 Horse Collar
28:02 Fletching
29:20 Wheelbarrow
29:36 Bow Saw
30:50 Bodkin Arrow
34:10 Hand Cart
34:20 Heavy Plow
34:12 Gold Mining
34:47 Scale Barding Armor
40:56 Imperial Age
40:30 Bloodlines
40:21 Husbandry
40:41 Light Cavalry
40:45 Vendel Legacy
42:29 Conscription
41:34 Hussar
45:29 Ballistics
[TUC] NAGES
3:14 Loom
14:01 Feudal Age
19:01 Castle Age
26:36 Medium Warships
35:30 Imperial Age
35:27 Elite Skirmisher
36:13 Thumb Ring
36:36 Conscription
39:14 Fletching
39:25 Padded Archer Armor
42:37 Chemistry
44:10 Ballistics
Connection lost

Rejoining the realm…

Still unreachable

The connection could not be restored.

Session expired

The server has moved on; the page needs a fresh start.